 Dungeon Crawl Stone Soup version 0.29.1-12-g30fa7ad0bf (webtiles) character file.

Game seed: 17065659326050397098

51 sneakypete the Chopper (level 3, -1/27 HPs)
             Began as a Demonspawn Gladiator on Jan 12, 2023.
             Killed by divine providence
             ... invoked by an orc priest
              (12 damage)
             ... on level 3 of the Dungeon.
             The game lasted 00:09:48 (1639 turns).

sneakypete the Chopper (Demonspawn Gladiator)       Turns: 1639, Time: 00:09:48

Health: -1/27      AC:  5    Str: 16    XL:     3   Next: 58%
Magic:  3/3        EV: 11    Int:  9    God:
Gold:   84         SH:  0    Dex: 14    Spells: 2/2 levels left

rFire   . . .      SeeInvis .   k - +8 trident of the Octopus King {venom, rElec rPois}
rCold   . . .      Faith    .   (no shield)
rNeg    . . .      Spirit   .   q - +0 ring mail
rPois   +          Reflect  .   (helmet restricted)
rElec   +          Harm     .   (no cloak)
rCorr   .          Rampage  .   (no gloves)
Will    .....                   (no boots)
Stlth   +.........              (no amulet)
HPRegen 0.09/turn               (no ring)
MPRegen 0.08/turn               (no ring)

@: no status effects
A: hooves 1, horns 1
a: no special abilities


You were on level 3 of the Dungeon.
You visited 1 branch of the dungeon, and saw 3 of its levels.

You collected 84 gold pieces.

Inventory:

Hand Weapons
 a - a +0 war axe
 k - the +8 trident of the Octopus King (weapon) {venom, rElec rPois}
   (You found it on level 2 of the Dungeon)

   It poisons the flesh of those it strikes.
   rElec:     It insulates you from electricity.
   rPois:     It protects you from poison.
 n - the +9 sling "Kiti" {flame, Int+2 Dex+5}
   (You found it on level 2 of the Dungeon)

   Any ammunition fired from it burns those it strikes, dealing additional fire
   damage.
   Int:       It affects your intelligence (+2).
   Dex:       It affects your dexterity (+5).
Missiles
 d - 3 throwing nets (quivered)
 e - a javelin
Armour
 b - a +0 leather armour
 c - a +0 helmet
 h - a +2 hat
 q - a +0 ring mail (worn)
Scrolls
 i - a scroll of brand weapon {unknown}
 j - a scroll of identify {unknown}
 l - 2 scrolls of amnesia {unknown}
 o - a scroll of teleportation {unknown}
 p - a scroll of torment {unknown}
Potions
 f - a potion of attraction {unknown}
 g - a potion of curing
 m - a potion of degeneration {unknown}


   Skills:
 + Level 2.1 Fighting
 + Level 3.3 Axes
 + Level 1.9 Throwing
 + Level 1.3 Armour
 + Level 3.1 Dodging


You had 2 spell levels left.
You didn't know any spells.
Your spell library contained the following spells:

 Spells                   Type           Power      Damage    Failure   Level
 Airstrike                Air            0%         2d(0-16)  100%        4
 Summon Lightning Spire   Summ/Air       0%         N/A       100%        4
 Lightning Bolt           Conj/Air       0%         1d11      100%        5


Dungeon Overview and Level Annotations

Branches:
Dungeon (3/15)

Altars:


Innate Abilities, Weirdness & Mutations

You have large cloven feet.
You have a pair of small horns on your head.


Message History

You finish putting on your +0 ring mail.
There is a stone staircase leading down here.
You climb downwards.
The goblin shouts!
Found a robe.
Found an escape hatch in the floor.
There is a stone staircase leading up here.
The ball python barely misses you. The ball python closely misses you.
You puncture the ball python!
You kill the ball python!
A worm comes into view.
The goblin barely misses you.
You hit the goblin.
You kill the goblin!
You see here a +0 club.
The worm closely misses you.
You hit the worm.
The worm is poisoned.
You headbutt the worm.
The worm is moderately wounded.
The worm closely misses you.
You hit the worm.
The worm looks as sick as possible!
Your kick misses the worm. You headbutt the worm. You punch the worm.
You kill the worm!
You see here a +0 club.
You see here a +0 club.
You see here a +0 robe.
Found 8 gold pieces.
You now have 84 gold pieces (gained 8).
An orc priest and 2 orcs come into view.
The orc shouts!
The orc priest shouts!
The orc shouts!
You hear a shout! x2
The orc hits you with a +0 flail!
You barely miss the orc. Your kick misses the orc. You headbutt the orc.
The orc is heavily wounded.
The orc hits you with a +0 flail. The orc hits you with a +0 flail!
* * * LOW HITPOINT WARNING * * *
It was a potion of curing.
You feel better. The orc hits you with a +0 flail.
You puncture the orc!
You kill the orc!
An orc comes into view. It is wielding a +0 flail.
The orc priest invokes the aid of Beogh against you.
Beogh smites you!
You die... #.# #.# #.# #.# #.# ### #.# .oo

#.# #o#
#.# #)#
#.# #@#
#.#####.#
#.......#
#########


You could see an orc priest and 2 orcs.

Vanquished Creatures
  An adder (D:2)
  A worm (D:3)
  3 dart slugs
  An orc (D:3)
  An endoplasm (D:2)
  A giant cockroach (D:2)
  4 goblins
  4 hobgoblins
  5 kobolds
  2 ball pythons
  2 bats
  3 frilled lizards
  5 rats
33 creatures vanquished.

Vanquished Creatures (others)
  A fungus (D:1)
1 creature vanquished.

Grand Total: 34 creatures vanquished

Notes
Turn   | Place    | Note
-------+----------+-------------------------------------------
     0 | D:1      | sneakypete the Demonspawn Gladiator began the quest for the
                  | Orb.
     0 | D:1      | Reached XP level 1. HP: 16/16 MP: 1/1
   296 | D:1      | Discovered your monstrous ancestry.
   296 | D:1      | Gained mutation: You have large cloven feet. [demonic
                  | ancestry]
   296 | D:1      | Reached XP level 2. HP: 22/22 MP: 2/2
   973 | D:2      | Found the +8 trident of the Octopus King {venom, rElec
                  | rPois}
   988 | D:2      | Gained mutation: You have a pair of small horns on your
                  | head. [demonic ancestry]
   988 | D:2      | Reached XP level 3. HP: 13/27 MP: 3/3
  1291 | D:2      | Reached skill level 1 in Armour
  1358 | D:2      | Identified the +9 sling "Kiti" {flame, Int+2 Dex+5}
  1639 | D:3      | Killed from afar by an orc priest

Illustrated notes

Levels and vault maps discovered:
D:1:      dpeg_arrival_lava_altar, layout_basic,
          dreamdust_ecumenical_altar_hidden_monk_grotto
D:2:      layout_rooms
D:3:      layout_basic, nicolae_tso_besieged_by_evil, hex_medium,
          roderic_batcave, uniq_terence

Skill      XL: |  1  2  3 |
---------------+----------+-----
Axes           | 3 |  3.3
Dodging        | 3 |  3.1
Armour         | 1 |  1.3
Fighting       | |  2.1
Throwing       | |  1.9

Action                   || total
-------------------------++-------
Melee: War axe           ||    47
       Kick              ||    11
       Punch             ||     2
       Trident           ||    17
       Headbutt          ||     7
  Use: Potion            ||     1
Armor: Leather armour    ||    19
Dodge: Dodged            ||    45
